Map: Lerilak Crest

Players

MarineLorD - Winner!

  • Race: Terran Terran
  • League: Platinum

SortOf

  • Race: Zerg Zerg
  • League: Grandmaster

Event: NationWars III

VOD

Have the link to the VOD?

Description

Time

  • Played on: Dec. 6, 2015, 4:09 p.m.
  • Length: 6:43

All games in this series

Show
View Real Time Build Order
Export as new Build Order

MarineLorD Terran - Winner!

Build Orders:  

Get SALT Encoding   

  12  0:00  SCV  
  13  0:12  SCV  
  14  0:17  Supply Depot  
  14  0:24  SCV  
  15  0:29  Refinery  
  15  0:38  SCV  
  16  0:45  Barracks  
  16  0:50  SCV  
  17  1:02  SCV  
  18  1:06  Barracks  
  18  1:15  SCV  
  19  1:25  Barracks  
  19  1:28  SCV  
  20  1:38  Reaper  
  21  1:48  Orbital Command  
  21  1:57  Reaper  
  21  2:01  Supply Depot  
  22  2:10  Reaper  
  22  2:11  Refinery  
  24  2:22  Reaper  
  24  2:23  SCV  
  24  2:29  Reaper  
  26  2:35  SCV  
  27  2:44  Reaper  
  27  2:47  SCV, Supply Depot  
  29  2:56  Reaper  
  30  2:59  SCV  
  31  3:11  SCV  
  32  3:15  Command Center  
  33  3:20  Reaper  
  33  3:23  SCV  
  34  3:29  Reaper  
  35  3:35  SCV  
  36  3:44  Reaper  
  36  3:47  SCV  
  36  3:48  Command Center  
  38  3:59  SCV  
  39  4:06  Reaper  
  39  4:14  SCV, Reaper  
  37  4:26  SCV  
  38  4:31  Orbital Command  
  38  4:34  Barracks Tech Lab  
  38  4:38  SCV  
  38  4:42  Marine  
  40  4:46  Marine  
  40  4:50  SCV  
  42  4:53  Refinery  
  42  4:58  Marine  
  43  5:00  Marine  
  43  5:03  SCV  
  43  5:04  Marine, Orbital Command  
  46  5:11  Barracks  
  46  5:12  Barracks  
  46  5:14  Bunker  
  46  5:15  SCV  
  46  5:16  Marine  
  46  5:18  Marine  
  46  5:20  Orbital Command  
  49  5:22  Marine  
  49  5:27  SCV  
  51  5:34  Marine  
  52  5:36  SCV, Marine  
  52  5:39  SCV  
  52  5:41  Marine  
  56  5:45  SCV  
  56  5:48  Supply Depot  
  56  5:49  SCV  
  58  5:51  SCV, Supply Depot  
  58  5:52  Marine  
  60  5:58  SCV, Factory  
  60  6:00  Marine x2  
  60  6:01  SCV  
  63  6:06  Marine x2  
  63  6:10  SCV, Marine  
  67  6:15  SCV  
  67  6:17  Marine  
  67  6:18  Marine  
  70  6:20  SCV  
  70  6:23  Marine  
  75  6:37  Engineering Bay  
  75  6:38  Engineering Bay  
Show
View Real Time Build Order
Export as new Build Order

SortOf Zerg 

Build Orders: Hatch First 

Get SALT Encoding   

  12  0:00  Drone  
  13  0:12  Overlord  
  13  0:17  Drone  
  14  0:31  Drone x2  
  16  0:37  Drone  
  17  0:47  Drone  
  18  0:56  Drone  
  19  0:59  Hatchery  
  18  1:10  Drone, Extractor  
  18  1:17  Drone  
  19  1:26  Spawning Pool  
  19  1:29  Drone  
  19  1:46  Overlord  
  19  1:52  Drone  
  20  2:12  Queen  
  20  2:13  Zergling x2  
  20  2:14  Queen, Zergling x4  
  27  2:19  Metabolic Boost  
  27  2:23  Zergling x4  
  29  2:33  Zergling x4  
  31  2:43  Evolution Chamber, Zergling x2  
  31  2:45  Zergling x2  
  31  2:48  Queen  
  34  2:58  Queen  
  36  3:07  Overlord  
  35  3:18  Zergling x2  
  37  3:27  Zergling x6  
  37  3:30  Zergling x10  
  37  3:48  Zergling x8  
  39  4:13  Drone x2  
  39  4:14  Drone x3  
  39  4:15  Drone  
  43  4:18  Queen  
  43  4:23  Drone  
  43  4:28  Roach Warren  
  42  4:31  Drone  
  42  4:32  Drone  
  42  4:36  Overlord  
  44  4:38  Extractor  
  43  4:54  Overlord  
  43  4:58  Drone  
  43  4:59  Drone x2  
  45  5:03  Overlord  
  45  5:05  Overlord  
  44  5:09  Roach x3  
  50  5:15  Roach  
  50  5:17  Roach  
  53  5:21  Roach  
  53  5:28  Roach x2  
  59  5:31  Roach  
  61  5:41  Roach x2  
  62  5:45  Roach  
  62  5:46  Roach  
  66  5:53  Roach x2  
  70  6:01  Ravager  
  71  6:07  Roach, Zergling x4  
  71  6:09  Overlord  
  75  6:18  Overlord  
Tags
 
Add a new tag
Caveats
  • Supply blocks, unpowered buildings, or Contaminate may cause inaccurate times.
  • Supply counts are checked every 10 seconds.